 Dungeon Crawl Stone Soup version 0.23-b1-67-g8bd44de (webtiles) character file.

Game seed: 12965276144051284060

15353 doot the Transmogrifier (level 12, 0/103 HPs)
             Began as a Merfolk Transmuter on Feb 6, 2019.
             Was an Elder of Sif Muna.
             Succumbed to a water moccasin's poison
             ... on level 1 of the Lair of Beasts.
             The game lasted 00:32:20 (11619 turns).

doot the Transmogrifier (Merfolk Transmuter)       Turns: 11619, Time: 00:32:20

Health: 0/103      AC:  7    Str: 10    XL:     12   Next: 26%
Magic:  18/23      EV: 15    Int: 16    God:    Sif Muna [****..]
Gold:   555        SH:  0    Dex: 16    Spells: 12/26 levels left

rFire    x . .     SeeInvis .     - Unarmed
rCold    + + +     Gourm    .   (shield currently unavailable)
rNeg     . . .     Faith    .   (armour currently unavailable)
rPois    +         Spirit   .   (helmet currently unavailable)
rElec    .         Reflect  .   (cloak currently unavailable)
rCorr    .         Harm     .   (gloves currently unavailable)
MR       .....     Rnd*Tele +   (boots currently unavailable)
Stlth    +++.......             (no amulet)
HPRegen  0.27/turn              E - ring of teleportation
MPRegen  0.18/turn              g - ring of wizardry

@: lethally poisoned (0 -> -4), ice-form, lightly drained
A: large, (change form in water), (swift swim), (stealthy swim)
a: End Transformation, Divine Energy, Channel Magic, Forget Spell, Renounce
Religion


You were on level 1 of the Lair of Beasts.
You worshipped Sif Muna.
Sif Muna was greatly pleased with you.
You were not hungry.
You were a creature of crystalline ice.
You visited 3 branches of the dungeon, and saw 13 of its levels.

You collected 555 gold pieces.

Inventory:

Hand Weapons
 m - a +0 spear
 y - a +0 trident
 B - a +4 halberd of freezing (melded)
 F - a +1 shortbow of flaming
Missiles
 a - 71 arrows
Armour
 b - a +0 robe
 x - a +1 helmet (melded)
 C - a +2 leather armour of magic resistance
 G - a +2 scale mail of fire resistance
 H - a +2 robe of the Archmagi (melded)
Magical Staves
 A - an uncursed staff of cold
Jewellery
 g - a ring of wizardry (right front paw)
 n - an uncursed ring of flight
 z - an uncursed ring of protection from fire
 E - a ring of teleportation (left front paw)
 I - an uncursed ring of stealth
Wands
 c - a wand of flame (35)
 k - a wand of polymorph (3)
Scrolls
 e - 3 scrolls of teleportation
 f - 8 scrolls of identify
 i - 7 scrolls of remove curse
 l - 2 scrolls of immolation
 q - a scroll of fog
 r - a scroll of amnesia
 s - 4 scrolls of enchant weapon
 w - a scroll of magic mapping
 D - a scroll of torment
Potions
 j - 2 potions of agility
 o - 3 potions of invisibility
 p - 3 potions of curing
 t - 2 potions of haste
 v - 3 potions of might
Miscellaneous
 h - a box of beasts
Comestibles
 d - 21 rations


   Skills:
 + Level 5.3(5.1) Fighting
 + Level 8.2(8.0) Polearms
 + Level 3.1(2.9) Armour
 + Level 7.7(7.5) Dodging
 + Level 5.5(5.3) Stealth
 + Level 10.0(9.7) Unarmed Combat
 + Level 7.9(7.6) Spellcasting
 + Level 11.2(10.9) Transmutations
 + Level 2.5(2.3) Ice Magic
 + Level 3.9(3.7) Poison Magic
 + Level 2.5(2.2) Invocations
 + Level 2.4(2.1) Evocations


You had 12 spell levels left.
You knew the following spells:

 Your Spells              Type           Power        Failure   Level  Hunger
b - Sticks to Snakes      Tmut           #####...     1%          2    None
c - Spider Form           Tmut/Pois      ####......   1%          3    ##.....
d - Blade Hands           Tmut           #####.....   1%          5    #####..
e - Ice Form              Ice/Tmut       ####....     3%          4    ####...

Your spell library contained the following spells:

 Spells                   Type           Power        Failure   Level  Hunger
 Beastly Appendage        Tmut           #####.       1%          1    None
 Freeze                   Ice            ##..         1%          1    None
 Throw Frost              Conj/Ice       #.....       4%          2    None
 Ozocubu's Armour         Chrm/Ice       #.......     9%          3    ##.....
 Summon Ice Beast         Ice/Summ       #.......     28%         4    ####...
 Throw Icicle             Conj/Ice       #.......     28%         4    ####...


Dungeon Overview and Level Annotations

Branches:
Dungeon (11/15)            Temple (1/1) D:6            Lair (1/6) D:8
    Orc: D:9-12

Altars:
Ashenzari
Cheibriados
Dithmenos
Elyvilon
Fedhas
Gozag
Hepliaklqana
Kikubaaqudgha
Makhleb
Okawaru
Qazlal
Ru
Sif Muna
Trog
Uskayaw
Vehumet
Wu Jian
Xom
The Shining One

Shops:
D:10 }

Annotations:
Lair:1 Fannar


Message History

You feel sick. The spiny frog barely misses you.
The water moccasin bites you but does no damage.
Unknown command.
You closely miss the water moccasin.
The water moccasin is almost dead.
You feel sick. The spiny frog misses you.
Unknown command.
You hit the water moccasin.
The water moccasin seems to slow down.
You freeze the water moccasin.
You kill the water moccasin!
Sif Muna accepts your kill.
Your base Unarmed Combat skill increases to level 10!
You feel sick. The spiny frog closely misses you.
Unknown command.
You barely miss the spiny frog. The spiny frog stings you!!
* * * LOW HITPOINT WARNING * * *
You punch the spiny frog!
The spiny frog seems to slow down.
You freeze the spiny frog.
The spiny frog is moderately wounded.
You die...

#..##.###.## #
##.#..#####
#..#..### ##
##.......##.
#..#.[.......
#.#...._...###.#
................#
..####.P...F..###
#. #.####Y### .
#.# ### #.S #..


You could see a spiny frog.

Vanquished Creatures
  Harold (D:9)
  Pikel (D:4)
  A jumping spider (D:10)
  3 hornets (D:8)
  2 hippogriffs
  2 wyverns (D:10)
  A wraith (D:10)
  5 yaks (D:7)
  A basilisk (Lair:1)
  A hungry ghost (D:9)
  A water moccasin (Lair:1)
  2 soldier ants (D:8)
  2 slaves (D:4)
  4 ice beasts
  5 sky beasts
  2 black bears
  An eye of draining (D:10)
  3 centaurs
  2 ogres
  3 crocodiles
  6 bullfrogs
  2 scorpions
  A water moccasin skeleton (D:5)
  13 wights
  2 howler monkeys
  2 crimson imps (D:7)
  2 centaur zombies
  2 bullfrog zombies
  2 hounds
  3 orc wizards
  3 centaur skeletons
  8 orc priests
  2 bullfrog skeletons
  2 jellies
  3 iguanas
  4 worker ants
  A hound skeleton (D:10)
  A worker ant zombie (D:6)
  6 gnolls
  3 adders
  6 shadow imps
  An ooze (D:6)
  An adder zombie (D:7)
  2 worms
  A dart slug (D:2)
  2 leopard geckos
  27 orcs
  5 bats
  5 giant cockroaches
  9 goblins
  5 hobgoblins
  10 jackals
  3 quokkas
  6 frilled lizards
  6 kobolds
  14 rats
214 creatures vanquished.

Vanquished Creatures (collateral kills)
  An ogre (D:7)
  An adder (D:3)
  2 gnolls (D:7)
  An orc (D:5)
  2 bats (D:3)
7 creatures vanquished.

Vanquished Creatures (others)
  An unseen horror (D:10)
  A slave (D:4)
  An orc wizard (D:4)
  An orc (D:4)
  A jackal (D:4)
  A fungus (Lair:1)
6 creatures vanquished.

Grand Total: 227 creatures vanquished

Notes
Turn   | Place    | Note
-------+----------+-------------------------------------------
     0 | D:1      | doot the Merfolk Transmuter began the quest for the Orb.
     0 | D:1      | Reached XP level 1. HP: 15/15 MP: 3/3
   279 | D:2      | Reached XP level 2. HP: 18/21 MP: 3/5
   386 | D:2      | Learned a level 2 spell: Sticks to Snakes
   399 | D:2      | Reached skill level 3 in Transmutations
   657 | D:3      | Found a blossoming altar of Fedhas.
   660 | D:3      | Found a white marble altar of Elyvilon.
   695 | D:3      | Found a stormy altar of Qazlal.
   698 | D:3      | Found a glowing golden altar of the Shining One.
   744 | D:3      | Reached XP level 3. HP: 25/26 MP: 4/6
   749 | D:3      | Learned a level 3 spell: Spider Form
   795 | D:3      | Found an iron altar of Okawaru.
  1356 | D:4      | Noticed a slave
  1360 | D:4      | Noticed a slave
  1360 | D:4      | Noticed a slave
  1388 | D:4      | Killed a slave
  1400 | D:4      | Killed a slave
  1562 | D:4      | Noticed Pikel
  1578 | D:4      | Noticed a slave
  1598 | D:4      | Killed Pikel
  1598 | D:4      | Reached skill level 1 in Stealth
  1598 | D:4      | Reached skill level 5 in Unarmed Combat
  1598 | D:4      | Reached skill level 5 in Transmutations
  1598 | D:4      | Reached skill level 1 in Poison Magic
  1598 | D:4      | Reached XP level 4. HP: 22/33 MP: 2/9
  1598 | D:4      | Reached XP level 5. HP: 25/38 MP: 2/10
  1598 | D:4      | Reached XP level 6. HP: 29/44 MP: 2/11
  1612 | D:4      | Learned a level 5 spell: Blade Hands
  1705 | D:4      | Found a shimmering altar of Xom.
  1796 | D:4      | Reached XP level 7. HP: 38/49 MP: 10/12
  2419 | D:5      | Entered Level 5 of the Dungeon
  2692 | D:6      | Found a radiant altar of Vehumet.
  3002 | D:6      | Reached skill level 1 in Polearms
  3102 | D:6      | Found a staircase to the Ecumenical Temple.
  3111 | Temple   | Entered the Ecumenical Temple
  3121 | Temple   | Reached XP level 8. HP: 25/57 MP: 6/14
  3201 | Temple   | Became a worshipper of Sif Muna the Loreminder
  3465 | Temple   | Reached skill level 6 in Transmutations
  5128 | D:1      | Reached * piety under Sif Muna
  5931 | D:5      | Reached skill level 5 in Dodging
  5931 | D:5      | Reached skill level 7 in Transmutations
  6503 | D:5      | Reached skill level 5 in Spellcasting
  6767 | D:6      | Reached XP level 9. HP: 63/63 MP: 10/16
  6944 | D:7      | Reached ** piety under Sif Muna
  6994 | D:7      | Found a bloodstained altar of Trog.
  7425 | D:7      | Reached skill level 1 in Armour
  7425 | D:7      | Reached skill level 8 in Transmutations
  8169 | D:8      | Found a staircase to the Lair.
  8329 | D:8      | Found a sacrificial altar of Ru.
  8344 | D:8      | Reached XP level 10. HP: 65/70 MP: 19/19
  8546 | D:8      | Reached skill level 5 in Polearms
  8631 | D:8      | Learned a level 4 spell: Ice Form
  8643 | D:8      | Reached skill level 9 in Transmutations
  9324 | D:9      | Noticed Harold
  9337 | D:9      | Killed Harold
  9341 | D:9      | Reached *** piety under Sif Muna
 10005 | D:10     | Entered Level 10 of the Dungeon
 10122 | D:10     | Reached XP level 11. HP: 78/78 MP: 21/21
 10187 | D:10     | Reached skill level 5 in Fighting
 10187 | D:10     | Reached skill level 5 in Stealth
 10187 | D:10     | Reached skill level 10 in Transmutations
 10187 | D:10     | Reached XP level 12. HP: 27/86 MP: 15/23
 10218 | D:10     | Reached **** piety under Sif Muna
 10933 | D:10     | Found Qiuhasit's Gadget Shoppe.
 10952 | D:10     | Reached skill level 11 in Transmutations
 11451 | Lair:1   | Entered Level 1 of the Lair of Beasts
 11456 | Lair:1   | Noticed Fannar
 11463 | Lair:1   | Found a bloodstained altar of Trog.
 11617 | Lair:1   | Reached skill level 10 in Unarmed Combat
 11618 | Lair:1   | HP: 1/103 [spiny frog (18)]
 11619 | Lair:1   | Succumbed to a water moccasin's poison

Skill      XL: |  1  2  3  4  5  6  7  8  9 10 11 12 |
---------------+-------------------------------------+-----
Transmutations | 3 5 7 8 9 10 11 | 11.2
Unarmed Combat | 5 6 8 9 10 | 10.0
Dodging        | 4 5 6 7 |  7.7
Stealth        | 1 2 3 5 |  5.5
Spellcasting   | 3 4 5 6 7 |  7.9
Poison Magic   | 1 2 3 |  3.9
Fighting       | 2 3 4 5 |  5.3
Polearms       | 1 3 4 7 8 |  8.2
Armour         | 1 2 3 |  3.1
Ice Magic      | 2 |  2.5
Invocations    | 2 |  2.5
Evocations     | 2 |  2.4

Action                   |  1- 3 |  4- 6 |  7- 9 | 10-12 || total
-------------------------+-------+-------+-------+-------++-------
Melee: Unarmed           |   103 |     5 |   188 |   168 ||   464
       Headbutt          |     9 |       |    13 |       ||    22
       Spear             |       |       |   157 |       ||   157
       Punch             |       |       |     3 |     3 ||     6
       Trident           |       |       |    71 |       ||    71
       Halberd           |       |       |     7 |    61 ||    68
       Tailslap          |       |       |     7 |       ||     7
 Cast: Beastly Appendage |    17 |     1 |    15 |       ||    33
       Sticks to Snakes  |     8 |       |    16 |    15 ||    39
       Spider Form       |     4 |       |     7 |     3 ||    14
       Blade Hands       |       |       |    29 |    16 ||    45
       Ice Form          |       |       |       |     2 ||     2
 Abil: End Transformatio |       |       |     2 |       ||     2
Evoke: Wand              |       |       |     1 |     6 ||     7
  Use: Potion            |     1 |       |     4 |     3 ||     8
       Scroll            |       |       |       |    11 ||    11
 Stab: Sleeping          |       |       |     4 |     8 ||    12
  Eat: Chunk             |     2 |       |    25 |    12 ||    39
       Ration            |     1 |       |     2 |     2 ||     5
Armor: Robe              |    12 |       |    21 |     1 ||    34
       Skin              |     1 |       |     3 |    14 ||    18
       Leather armour    |       |       |    11 |    33 ||    44
Dodge: Dodged            |    78 |     3 |   288 |   163 ||   532
